 Dungeon Crawl Stone Soup version 0.31-a0-246-g8cbcc1cb85 (webtiles) character file.

Game seed: 7304195102683668821

305 qw the Shooter (level 6, -13/53 HPs)
             Began as a Minotaur Hexslinger on July 12, 2023.
             Was an Initiate of Okawaru.
             Mangled by a mummy (17 damage)
             ... in an ossuary.
             The game lasted 00:01:00 (2410 turns).

qw the Shooter (Minotaur Hexslinger)                Turns: 2410, Time: 00:01:00

Health: -13/53     AC:  6    Str: 10    XL:     6   Next: 15%
Magic:  6/6        EV: 12    Int: 10    God:    Okawaru [......]
Gold:   53         SH:  4    Dex: 15    Spells: 6/7 levels left

rFire   . . .        Y - +1 sling
rCold   + . .        (no shield)
rNeg    . . .        b - +2 leather armour {rC+}
rPois   .            (helmet restricted)
rElec   .            (no cloak)
rCorr   .            (no gloves)
SInv    .            l - +0 pair of boots
Will    .....        (no amulet)
Stlth   +            (no ring)
HPRegen 0.28/turn    (no ring)
MPRegen 0.10/turn

%: no passive effects
@: no status effects
A: horns 2, retaliatory headbutt, hooves 1, large bone plates 1, weak 1
a: Renounce Religion


You were in an ossuary.
You worshipped Okawaru.
Okawaru was noncommittal.
You visited 1 branch of the dungeon, and saw 4 of its levels.
You also visited: Ossuary.

You collected 179 gold pieces.
You spent 126 gold pieces at shops.


Innate Abilities, Weirdness & Mutations

You have a pair of horns on your head.
You reflexively headbutt those who attack you in melee.
You have large cloven feet.
You are partially covered in large bone plates. (SH +4)
You are weak. (Str -2)


   Skills:
 - Level 4.6 Fighting
 + Level 5.8 Ranged Weapons
 - Level 2.1 Dodging
 - Level 1.0 Spellcasting
 - Level 2.0 Hexes


You had 6 spell levels left.
You knew the following spells:

 Your Spells              Type           Power      Damage    Failure   Level
a - Slow                  Hex            16%        N/A       21%         1

Your spell library contained the following spells:

 Spells                   Type           Power      Damage    Failure   Level
 Inner Flame              Hex/Fire       2%         N/A       67%         3
 Portal Projectile        Hex/Tloc       4%         N/A       67%         3
 Cause Fear               Hex            2%         N/A       90%         4

Inventory:

Hand Weapons
 Y - a +1 sling (weapon)
Armour
 b - a +2 leather armour of cold resistance (worn)
 l - a +0 pair of boots (worn)
Scrolls
 h - a scroll of identify
Potions
 a - a potion of magic
 c - a potion of mutation
 d - a potion of enlightenment
 f - a potion of berserk rage {unknown}
 g - a potion of attraction {unknown}
 i - a potion of lignification {unknown}
 j - a potion of brilliance {unknown}
 k - a potion of haste

Dungeon Overview and Level Annotations

Branches:
Dungeon (4/15)             Temple (0/1) D:4         Ossuary (1/1)

Altars:
Okawaru
Sif Muna
Uskayaw
Xom

Shops:
D:4 ?

Annotations:
D:4 1 transporter, qw's ghost, amateur GrHs


Message History

The hobgoblin zombie barely misses you. The mummy hits you!
You shoot a sling bullet.
The sling bullet hits the mummy but does no damage.
The hobgoblin zombie hits you but does no damage.
The mummy misses you.
You shoot a sling bullet.
The sling bullet completely misses the mummy.
The hobgoblin zombie hits you.
You shoot a sling bullet.
The sling bullet barely misses the mummy.
The mummy hits you.
The hobgoblin zombie hits you but does no damage.
The mummy misses you.
You shoot a sling bullet. The sling bullet hits the mummy.
The mummy is lightly damaged.
The hobgoblin zombie completely misses you.
You furiously retaliate!
You headbutt the hobgoblin zombie!
You destroy the hobgoblin zombie!
Okawaru accepts your kill. You block the mummy's attack. The mummy hits you.
The mummy closely misses you.
You shoot a sling bullet.
The sling bullet closely misses the mummy.
The sling bullet hits the mummy but does no damage.
You shoot a sling bullet. The sling bullet hits the mummy.
The mummy is moderately damaged.
The mummy barely misses you. You furiously retaliate!
You headbutt the mummy. The mummy completely misses you. The mummy hits you.
You shoot a sling bullet.
The sling bullet hits the mummy but does no damage.
The mummy is heavily damaged.
The mummy hits you! You block the mummy's attack. The mummy barely misses you.
You furiously retaliate!
You headbutt the mummy! You shoot a sling bullet.
The sling bullet hits the mummy.
The mummy is severely damaged.
The mummy closely misses you.
You shoot a sling bullet. The sling bullet hits the mummy.
You destroy the mummy!
Okawaru accepts your kill. The mummy hits you!
You die...

#########
.......##
#......##
#..M...# #M@...#
.......M...#
..........MZ..##
............##
........##+#
......# #....#
#....# #...Z#


You could see 4 mummies and a gnoll zombie.

Vanquished Creatures
  A black bear (D:3)
  A scorpion (D:4)
  Jessica (D:3)
  2 mummies (Ossuary)
  4 adders
  2 gnolls (D:3)
  A dart slug (D:1)
  2 orcs
  2 bats (D:2)
  6 endoplasms
  2 giant cockroaches
  3 goblins
  10 hobgoblins
  A quokka (D:2)
  5 ball pythons
  A frilled lizard (D:1)
  3 hobgoblin zombies (Ossuary)
  4 kobolds
  3 orc zombies (Ossuary)
  3 rats
57 creatures vanquished.

Notes
Turn   | Place    | Note
-------+----------+-------------------------------------------
     0 | D:1      | qw the Minotaur Hexslinger began the quest for the Orb.
     0 | D:1      | Reached XP level 1. HP: 16/16 MP: 1/1
     0 | D:1      | 0 ||| qw: Version: 0.3-a-52-g30416fa
     0 | D:1      | 0 ||| qw: Game counter: 6445
     0 | D:1      | 0 ||| qw: Melee chars always use a shield: true
     0 | D:1      | 0 ||| qw: God list: Okawaru
     0 | D:1      | 0 ||| qw: Allow faded altars: false
     0 | D:1      | 0 ||| qw: Do Orc after clearing Dungeon:15 true
     0 | D:1      | 0 ||| qw: Do second Lair branch before Depths: true
     0 | D:1      | 0 ||| qw: Lair rune preference: random
     0 | D:1      | 0 ||| qw: Goals: Normal
     0 | D:1      | 0 ||| PLANNING D:1-11
   165 | D:1      | Reached skill level 3 in Ranged Weapons
   212 | D:1      | Reached XP level 2. HP: 19/23 MP: 2/2
   477 | D:1      | 477 ||| Stepping ~*~*~tactically~*~*~ (water).
   609 | D:1      | 609 ||| UPGRADING to +0 leather armour.
   619 | D:1      | 619 ||| DROPPING +0 robe.
   620 | D:1      | 620 ||| READING scroll labelled SYT SIREKHEAHAE.
   621 | D:1      | 621 ||| READING scroll labelled RUECEL GAIGIW.
   663 | D:1      | 663 ||| DROPPING scroll of poison.
   882 | D:2      | Reached XP level 3. HP: 28/29 MP: 3/3
  1211 | D:2      | Reached skill level 4 in Ranged Weapons
  1270 | D:2      | 1270 ||| UPGRADING to +2 leather armour of cold resistance.
  1280 | D:2      | 1280 ||| DROPPING +0 leather armour.
  1281 | D:2      | 1281 ||| UPGRADING to +0 pair of boots.
  1286 | D:2      | 1286 ||| READING scroll labelled USCHOMU POLO.
  1287 | D:2      | 1287 ||| READING scroll labelled EDUTEC ITZUAX.
  1291 | D:2      | 1291 ||| DRINKING 2 purple potions.
  1292 | D:2      | 1292 ||| DROPPING potion of degeneration.
  1312 | D:3      | Noticed Jessica
  1315 | D:3      | Killed Jessica
  1316 | D:3      | Reached XP level 4. HP: 36/36 MP: 4/4
  1483 | D:3      | 1483 ||| Stepping ~*~*~tactically~*~*~ (outnumbered).
  1501 | D:3      | Reached skill level 5 in Ranged Weapons
  1513 | D:3      | Found an iron altar of Okawaru.
  1514 | D:3      | 1514 ||| PLANNING OKAWARU WORSHIP
  1521 | D:3      | Became a worshipper of Warmaster Okawaru
  1522 | D:3      | 1522 ||| PLANNING D:1-11
  1747 | D:3      | Noticed a black bear
  1759 | D:3      | Killed a black bear
  1760 | D:3      | Reached XP level 5. HP: 38/47 MP: 5/5
  1823 | D:3      | Found a shimmering blue altar of Sif Muna.
  2043 | D:3      | 2043 ||| DRINKING 2 murky green potions.
  2043 | D:3      | Gained mutation: You are weak. (Str -2) [potion of
                  | mutation]
  2043 | D:3      | Gained mutation: You are partially covered in large bone
                  | plates. (SH +4) [potion of mutation]
  2043 | D:3      | Gained mutation: You have large cloven feet. [potion of
                  | mutation]
  2044 | D:3      | 2044 ||| DRINKING 2 bubbling ruby potions.
  2050 | D:3      | 2050 ||| DRINKING 2 bubbling orange potions.
  2051 | D:3      | 2051 ||| DROPPING potion of ambrosia.
  2079 | D:4      | 2079 ||| PLANNING OSSUARY
  2085 | D:4      | Found a staircase to the Ecumenical Temple.
  2092 | D:4      | Found a transporter.
  2092 | D:4      | Noticed qw's ghost (amateur GrHs)
  2093 | D:4      | Noticed a centaur
  2123 | D:4      | Found Xofelur's Magic Scroll Shop.
  2132 | D:4      | 2132 ||| BUYING scroll of identify (28 gold).
  2132 | D:4      | Bought a scroll of identify for 28 gold pieces
  2132 | D:4      | 2132 ||| BUYING scroll of identify (28 gold).
  2132 | D:4      | Bought a scroll of identify for 28 gold pieces
  2132 | D:4      | 2132 ||| BUYING scroll of identify (28 gold).
  2132 | D:4      | Bought a scroll of identify for 28 gold pieces
  2132 | D:4      | 2132 ||| BUYING scroll of teleportation (42 gold).
  2132 | D:4      | Bought a scroll of teleportation for 42 gold pieces
  2132 | D:4      | 2132 ||| SHOPLISTING scroll of teleportation (42 gold, have
                  | 15).
  2150 | D:4      | Found a hide-covered altar of Uskayaw.
  2160 | D:4      | Found a shimmering altar of Xom.
  2322 | D:4      | Reached XP level 6. HP: 53/53 MP: 6/6
  2347 | D:4      | Found a sand-covered staircase.
  2348 | D:4      | 2348 ||| READING scroll labelled LOIK UGHYO.
  2349 | D:4      | 2349 ||| READING scroll labelled DANONG LIYSCHATA.
  2350 | D:4      | 2350 ||| READING 4 scrolls of identify.
  2350 | D:4      | 2350 ||| IDENTIFYING pink potion
  2351 | D:4      | 2351 ||| READING 3 scrolls of identify.
  2351 | D:4      | 2351 ||| IDENTIFYING bubbling inky potion
  2352 | D:4      | 2352 ||| READING 2 scrolls of identify.
  2352 | D:4      | 2352 ||| IDENTIFYING fuming grey potion
  2360 | Ossuary  | Entered an ossuary
  2396 | Ossuary  | HP: 7/53 [mummy (13)]
  2397 | Ossuary  | 2397 ||| READING scroll of teleportation.
  2398 | Ossuary  | 2398 ||| DRINKING potion of heal wounds.
  2408 | Ossuary  | HP: 3/53 [mummy (12)]
  2410 | Ossuary  | Mangled by a mummy

Levels and vault maps discovered:
D:1:      tarquinn_simple_flora_water_b, layout_loops_cross
D:2:      layout_loops_ring
D:3:      layout_basic, okawaru_altar_gauntlet_db, led_sif_pool, uniq_jessica
D:4:      layout_cave_pods, nicolae_dithmenos_the_darkroom, minitemple,
          temple_green, serial_shops, shop, gammafunk_ghost_arena,
          chequers_ossuary_entry_cave, nicolae_titane
Ossuary:  ossuary_tomb_3

Skill      XL: |  1  2  3  4 |
---------------+-------------+-----
Ranged Weapons | 3 4 5 |  5.8
Fighting       | 2 4 |  4.6
Dodging        | |  2.1
Spellcasting   | |  1.0
Hexes          | |  2.0

Action                     |  1- 3 |  4- 6 || total
---------------------------+-------+-------++-------
   Fire: Sling             |    71 |   139 ||   210
    Use: Scroll            |     4 |     6 ||    10
         Potion            |     1 |     4 ||     5
 Armour: Leather armour    |     3 |    33 ||    36
  Dodge: Dodged            |    18 |    72 ||    90
  Block: Other             |       |     6 ||     6

Table legend:
 A = Non-vault XP
 B = Vault XP
 C = Vault XP percentage of total XP
 D = Non-vault monster count
 E = Vault monster count
 F = Vault count percentage of total count
                 A         B        C        D         E       F
            +---------+---------+-------+---------+---------+-------
      Total |     339 |     115 |  25.3 |      42 |      15 |  26.3
            +---------+---------+-------+---------+---------+-------
        D:1 |      23 |       0 |   0.0 |      13 |       0 |   0.0
        D:2 |      47 |       0 |   0.0 |      14 |       0 |   0.0
        D:3 |     168 |      73 |  30.3 |       8 |       7 |  46.7
        D:4 |     101 |       0 |   0.0 |       7 |       0 |   0.0
    Ossuary |       0 |      42 | 100.0 |       0 |       8 | 100.0
            +---------+---------+-------+---------+---------+-------
